[Event "*** Titled Tuesday 3|2 Blitz (Late)"]
[Site "Chess.com"]
[Date "2017.01.03"]
[Round "5"]
[White "Hamisandwich"]
[Black "pKiLz5Rn9b"]
[Result "0-1"]
[WhiteElo "2389"]
[BlackElo "2473"]
[TimeControl "180+2"]
[EndTime "17:54:12 PST"]
[Termination "pKiLz5Rn9b won by resignation"]

1. a3 e5 2. c4 Nf6 3. d3 d5 4.
cxd5 Nxd5 5. Nf3 Bd6 6. e4 Ne7 7. d4 exd4 8. Qxd4 O-O 9. Bg5 Nbc6 10. Qd2 f6 11. Be3 f5 12. Bc4+ Kh8 13. Nc3 f4 14. Bd4 Ng6 15. O-O-O Bg4 16. h3 Bxf3 17.
gxf3 Nge5 18. Be2 Nxd4 19. Qxd4 Qe7 20. Nd5 Qf7 21. Kb1 Rfd8 22. Qd2 Ng6 23. Bc4 Qf8 24.
Qc2 c6 25. Nc3 Ne5 26. Be2 Bc5 27. Nd5 cxd5 0-1

[Event "*** Titled Tuesday 3|2 Blitz (Late)"]
[Site "Chess.com"]
[Date "2017.01.03"]
[Round "5"]
[White "Andrejkin"]
[Black "1random"]
[Result "1-0"]
[WhiteElo "2197"]
[BlackElo "1992"]
[TimeControl "180+2"]
[EndTime "17:54:21 PST"]
[Termination "Andrejkin won by resignation"]

1. d4 e5 2. dxe5 Nc6 3. Nf3 Qe7 4. Bf4 Qb4+ 5. Bd2 Qxb2 6. Nc3 Bb4 7. Rb1 Qa3 8. Nd5 Ba5 9. Rb5 Bb6 10. Rxb6 axb6 11. Nxc7+ Kf8 12. Nxa8 Qxa8 13. e4 Qxa2 14. Be2 Nge7 15.
O-O Ng6 16. Qc1 Ngxe5 17. Nxe5 Nxe5 18. Rd1 Qe6 19. Qb2 d5 20. exd5 Qxd5 21. Bb4+ 1-0

[Event "*** Titled Tuesday 3|2 Blitz (Late)"]
[Site "Chess.com"]
[Date "2017.01.03"]
[Round "5"]
[White "beastfromweast"]
[Black "Kanthecarowin"]
[Result "0-1"]
[WhiteElo "2275"]
[BlackElo "2255"]
[TimeControl "180+2"]
[EndTime "17:54:40 PST"]
[Termination "Kanthecarowin won by resignation"]

1. d4 Nf6 2. Nf3 g6 3. c4 Bg7 4. Nc3 d6 5. e4 O-O 6. Be2 e5 7.
dxe5 dxe5 8. O-O c6 9. Qc2 Be6 10. Rd1 Qc7 11. h3 Nbd7 12. Be3 Rad8 13. c5 Rfe8 14.
b4 Nh5 15. Rd2 Nf4 16. Bf1 f5 17. Rad1 fxe4 18. Nxe4 Bf5 19. Nh4 Nf6 20. Nxf5 gxf5 21. Nxf6+ Bxf6 22. Bc4+ Kh8 23. Qxf5 Qg7 24. Bxf4 exf4 25.
Qxf4 Rxd2 26. Qxd2 Bc3 27. Re1 Rxe1+ 0-1

[Event "*** Titled Tuesday 3|2 Blitz (Late)"]
[Site "Chess.com"]
[Date "2017.01.03"]
[Round "5"]
[White "Caminator2000"]
[Black "MattyDPerrine"]
[Result "1-0"]
[WhiteElo "2222"]
[BlackElo "2240"]
[TimeControl "180+2"]
[EndTime "17:54:45 PST"]
[Termination "Caminator2000 won by resignation"]

1. e4 c5 2. c3 Nf6 3. e5 Nd5 4.
Nf3 e6 5. d4 cxd4 6. cxd4 d6 7. Nc3 Nxc3 8. bxc3 Bd7 9. Rb1 Bc6 10.
Bf4 Qc7 11. d5 exd5 12. Qe2 dxe5 13. Nxe5 Qe7 14. Nxc6 Nxc6 15. Rxb7 Qxe2+ 16. Bxe2 Be7 17. Bb5 Rc8 18. O-O Kd8 19. Rd1 1-0

[Event "*** Titled Tuesday 3|2 Blitz (Late)"]
[Site "Chess.com"]
[Date "2017.01.03"]
[Round "5"]
[White "Abrito99"]
[Black "gmcorrales"]
[Result "1-0"]
[WhiteElo "2359"]
[BlackElo "2517"]
[TimeControl "180+2"]
[EndTime "17:55:06 PST"]
[Termination "Abrito99 won by resignation"]

1. e4 c5 2. Nf3 d6 3. Bb5+ Bd7 4.
Bxd7+ Qxd7 5. O-O Nc6 6. c3 e6 7.
d4 cxd4 8. cxd4 d5 9. exd5 exd5 10.
Re1+ Be7 11. Bg5 f6 12. Bf4 Kf7 13. Nc3 Rd8 14. Qd3 h5 15. Nh4 Qg4 16. g3 Nb4 17. Qb1 Rd7 18. f3 Qh3 19. Qg6+ Kf8 20. Nf5 Nd3 21.
Qxg7+ Ke8 22. Qxh8 Kd8 23. Qxg8+ 1-0

[Event "*** Titled Tuesday 3|2 Blitz (Late)"]
[Site "Chess.com"]
[Date "2017.01.03"]
[Round "5"]
[White "bugsbunny444"]
[Black "VerdeNotte"]
[Result "0-1"]
[WhiteElo "2329"]
[BlackElo "2483"]
[TimeControl "180+2"]
[EndTime "17:55:15 PST"]
[Termination "VerdeNotte won by resignation"]

1. Nf3 c5 2. c4 g6 3. d4 cxd4 4.
Nxd4 Bg7 5. e4 Nc6 6. Be3 Nf6 7. Nc3 O-O 8. Be2 d6 9. O-O Bd7 10. f3 Nxd4 11. Bxd4 a5 12. b3 Nh5 13. Rf2 Nf4 14.
Bf1 Ne6 15. Bxg7 Kxg7 16. Qd2 Bc6 17. Qb2 Kg8 18. Rc1 Qb6 19. g3 a4 20. b4 a3 21. Qb3 Nd4 22. Qd1 e5 23. b5 Bd7 24. Nd5 Qd8 25. Rd2 Be6 26. Nb4 Qa5 27. Nc2 Qxd2 0-1

[Event "*** Titled Tuesday 3|2 Blitz (Late)"]
[Site "Chess.com"]
[Date "2017.01.03"]
[Round "5"]
[White "SabinaFoisor"]
[Black "nickmatta"]
[Result "1-0"]
[WhiteElo "2245"]
[BlackElo "2324"]
[TimeControl "180+2"]
[EndTime "17:55:27 PST"]
[Termination "SabinaFoisor won by resignation"]

1. d4 Nf6 2. c4 g6 3. Nc3 d5 4.
Bg5 Ne4 5. Bh4 Nxc3 6. bxc3 dxc4 7. e3 b5 8. a4 Bb7 9. axb5 Bg7 10. Nf3 Qd5 11.
Qa4 Qh5 12. Bg3 O-O 13. Bxc4 Bxf3 14. gxf3 Qxf3 15. O-O Nd7 16. Qc2 Nf6 17. Be2 Qe4 18. Qxe4 Nxe4 19. Bf3 Nd2 20. Bxa8 Nxf1 21. Kxf1 Rxa8 22.
Bxc7 1-0

[Event "*** Titled Tuesday 3|2 Blitz (Late)"]
[Site "Chess.com"]
[Date "2017.01.03"]
[Round "5"]
[White "boredoldman"]
[Black "QuintilianoR"]
[Result "1-0"]
[WhiteElo "2517"]
[BlackElo "2524"]
[TimeControl "180+2"]
[EndTime "17:55:48 PST"]
[Termination "boredoldman won by resignation"]

1. d3 Nf6 2. Nf3 c5 3. c4 Nc6 4. Nc3 g6 5. g3 Bg7 6. Bg2 O-O 7. O-O d5 8. cxd5 Nxd5 9. Nxd5 Qxd5 10. Be3 Qd6 11. Rc1 b6 12. d4 cxd4 13. Nxd4 Nxd4 14.
Bxa8 Bg4 15. Bf3 Nxf3+ 16. exf3 Qxd1 17. Rfxd1 Bxf3 18. Rd7 Bxb2 19. Rb1 Bf6 20. Rxa7 Rd8 21. Bxb6 Rd2 22. Be3 Rc2 23. a4 h5 24. a5 Ra2 25.
Bb6 h4 26. gxh4 Bxh4 27. Bd4 Kh7 28. Rb8 g5 29. Rxe7 Kg6 30. Rb6+ Kh5 31. Rxf7 Bd5 32.
Rh7+ Kg4 33. Rb5 Kf3 34. Rxd5 Bxf2+ 35. Kf1 Bxd4 36. Rh3+ Kg4 37. Rg3+ 1-0

[Event "*** Titled Tuesday 3|2 Blitz (Late)"]
[Site "Chess.com"]
[Date "2017.01.03"]
[Round "5"]
[White "FLchessplayer"]
[Black "dretch"]
[Result "0-1"]
[WhiteElo "2102"]
[BlackElo "2578"]
[TimeControl "180+2"]
[EndTime "17:55:50 PST"]
[Termination "dretch won by resignation"]

1. e4 e6 2. d4 d5 3. exd5 exd5 4. Nf3 Bd6 5. h3 Ne7 6. Bd3 O-O 7. c3 Bf5 8. Qc2 Bxd3 9. Qxd3 Nbc6 10. Bg5 Qd7 11. Bxe7 Qxe7+ 12. Qe2 Qf6 13. O-O Rfe8 14. Qb5 a6 15. Qxd5 Qg6 16. Qb3 Na5 17. Qd1 Nc4 18. b3 Nb2 19. Qc1 Nd3 20. Qd2 Nf4 21. Nh4 Qh5 22. g3 Nxh3+ 23. Kg2 Nf4+ 24. Kg1 Re2 25.
Qd1 Nh3+ 26. Kg2 Nxf2 27. Qxe2 Qxe2 28. Rxf2 Qd1 29. Nf5 Re8 30. Nxd6 cxd6 31. a4 Re1 0-1

[Event "*** Titled Tuesday 3|2 Blitz (Late)"]
[Site "Chess.com"]
[Date "2017.01.03"]
[Round "5"]
[White "Tonychess32"]
[Black "Houdinovic"]
[Result "1-0"]
[WhiteElo "2423"]
[BlackElo "2328"]
[TimeControl "180+2"]
[EndTime "17:56:00 PST"]
[Termination "Tonychess32 won by resignation"]

1. e4 e6 2. d4 d5 3. Nd2 Nc6 4. Ngf3 Nf6 5. e5 Nd7 6. c3 f6 7. exf6 Qxf6 8. Bd3 e5 9. O-O e4 10. Re1 Be7 11. Nxe4 dxe4 12. Rxe4 O-O 13. Bg5 Qd6 14. Bc4+ Kh8 15. Re6 Qxe6 16. Bxe6 Nf6 17. Bxc8 Raxc8 18. Ne5 Nd5 19. Bxe7 Ncxe7 20. Qb3 b6 21. c4 Nf4 22. Re1 Nf5 23. c5 g6 24. d5 Nd4 25. Qc4 bxc5 26.
Qxc5 Nde2+ 27. Kf1 Rfe8 28. g3 Rxe5 29. gxf4 1-0

[Event "*** Titled Tuesday 3|2 Blitz (Late)"]
[Site "Chess.com"]
[Date "2017.01.03"]
[Round "5"]
[White "Rating-Schmating"]
[Black "Goala"]
[Result "0-1"]
[WhiteElo "2268"]
[BlackElo "2172"]
[TimeControl "180+2"]
[EndTime "17:56:18 PST"]
[Termination "Goala won by checkmate"]

1. e4 e6 2. d4 d5 3. Nd2 Nf6 4. Bd3 c5 5. exd5 Qxd5 6. Ngf3 cxd4 7. Bc4 Qd6 8. O-O Nc6 9. Nb3 Be7 10. Nfxd4 a6 11.
Nxc6 Qxc6 12. Bd3 Bd7 13. Bf4 Rd8 14. Qe2 O-O 15. Rad1 Qa4 16. Be5 Bc6 17. a3 Rd5 18.
Bxf6 Bxf6 19. Bc4 Rg5 20. f3 Bxb2 21. Bd3 Qh4 22. g3 Qh3 23. Qg2 Qxg2+ 24. Kxg2 Bxa3 25. Nd4 Bd5 26. Rb1 b5 27. h4 Re5 28. Kh3 Rc8 29.
f4 Re3 30. f5 e5 31. Nb3 Bd6 32. Ra1 e4 33. Rxa6 Bb8 34. Bxb5 Rxg3+ 35. Kh2 Rxb3+ 36. Kg1 Rxb5 37. Rd1 h6 38. f6 Be6 39. fxg7 Kxg7 40. Rd2 Bf4 41. Rg2+ Kh7 42. Ra3 Rb1+ 43. Kf2 Rxc2# 0-1

[Event "*** Titled Tuesday 3|2 Blitz (Late)"]
[Site "Chess.com"]
[Date "2017.01.03"]
[Round "5"]
[White "JustKid"]
[Black "Ksenia_Legenko"]
[Result "1-0"]
[WhiteElo "2252"]
[BlackElo "2055"]
[TimeControl "180+2"]
[EndTime "17:56:18 PST"]
[Termination "JustKid won by resignation"]

1. d4 d5 2. Bf4 e6 3. e3 Nf6 4. Nf3 c5 5. c3 Nc6 6. Nbd2 Bd6 7. Bg3 b6 8. Bd3 Qc7 9. Qe2 Bb7 10. Rd1 Ne7 11. e4 dxe4 12. Nxe4 Nxe4 13. Bxe4 Bxe4 14. Qxe4 O-O 15. dxc5 Bxg3 16. hxg3 h6 17. cxb6 Qxb6 18. b3 Qa5 19. Qb4 Qc7 20. c4 a5 21. Qa4 Nf5 22. O-O Qc5 23. Qb5 Qa3 24. Rd2 a4 25. Ne5 axb3 26. Qxb3 Qa7 27. Rc1 Rfb8 28. Qc3 Rd8 29. c5 Rxd2 30. Qxd2 Qxa2 31. Qxa2 Rxa2 32. c6 Nd6 33. c7 Nc8 34. Rd1 Ra8 35. Rd8+ Kh7 36. Nxf7 Kg6 37. Nd6 Ra1+ 38. Kh2 Nxd6 39.
Rxd6 Rc1 40. Rd7 Kf6 41. g4 Rc3 42. f3 Rc2 43. Kg3 Rc3 44. Kf4 Rc4+ 45. Ke3 Rc3+ 46. Kd4 Rc1 47. f4 Rd1+ 48. Kc5 Rc1+ 49. Kb6 Rb1+ 50.
Ka7 Ra1+ 51. Kb8 Rb1+ 52. Kc8 Rb4 53. Kd8 1-0

[Event "*** Titled Tuesday 3|2 Blitz (Late)"]
[Site "Chess.com"]
[Date "2017.01.03"]
[Round "5"]
[White "Buffy7"]
[Black "nonscitis"]
[Result "1-0"]
[WhiteElo "2495"]
[BlackElo "2328"]
[TimeControl "180+2"]
[EndTime "17:56:48 PST"]
[Termination "Buffy7 won by resignation"]

1. Nf3 Nf6 2. g3 b5 3. Bg2 Bb7 4. O-O e6 5. d3 d5 6. Nbd2 Be7 7. c4 bxc4 8. dxc4 O-O 9. e3 Nbd7 10. b3 Nc5 11. Qe2 dxc4 12. Nxc4 Qd3 13. Qxd3 Nxd3 14. Rd1 Rad8 15. Nd4 Bxg2 16. Kxg2 Nb4 17. Ba3 Nfd5 18. Bxb4 Nxb4 19. Ne5 Bf6 20. Nec6 Nxc6 21. Nxc6 Ra8 22. Rac1 a5 23. Rc4 h5 24. e4 e5 25. Rd7 Rfc8 26. a4 Ra6 27. Rc5 Rb6 28. Nxa5 Ra8 29. Rdxc7 Kh7 30. Rxf7 Kg6 31. Rfc7 h4 32. Kh3 hxg3 33.
hxg3 Rb4 34. f3 Rd8 35. Nc6 1-0

[Event "*** Titled Tuesday 3|2 Blitz (Late)"]
[Site "Chess.com"]
[Date "2017.01.03"]
[Round "5"]
[White "chito89"]
[Black "Frolik67"]
[Result "1-0"]
[WhiteElo "2504"]
[BlackElo "2315"]
[TimeControl "180+2"]
[EndTime "17:56:52 PST"]
[Termination "chito89 won by checkmate"]

1. e4 e6 2. Qe2 Ne7 3. g3 d5 4. d3 c5 5. Bg2 Nbc6 6. Nf3 g6 7.
O-O Bg7 8. c3 O-O 9. Re1 b5 10.
e5 a5 11. h4 a4 12. a3 b4 13.
Bf4 Ba6 14. Nbd2 Qa5 15. c4 Rfd8 16. Nf1 Rab8 17. h5 Nf5 18. hxg6 hxg6 19. Ne3 Ncd4 20. Nxd4 Nxd4 21. Qg4 bxa3 22. bxa3 dxc4 23. dxc4 Rb2 24.
Qh4 Ne2+ 25. Rxe2 Rxe2 26. Ng4 Re1+ 27. Rxe1 Qxe1+ 28. Kh2 Rd1 29. Bh6 f5 30. Bxg7 Kxg7 31. Qe7+ Kh8 32. Qf8+ Kh7 33. Nf6# 1-0

[Event "*** Titled Tuesday 3|2 Blitz (Late)"]
[Site "Chess.com"]
[Date "2017.01.03"]
[Round "5"]
[White "jcgs1030"]
[Black "DuleMudule"]
[Result "0-1"]
[WhiteElo "2314"]
[BlackElo "2512"]
[TimeControl "180+2"]
[EndTime "17:57:05 PST"]
[Termination "DuleMudule won by resignation"]

1. e4 c5 2. Nf3 Nc6 3. Bb5 e6 4.
Bxc6 bxc6 5. O-O Ne7 6. b3 Ng6 7.
Bb2 f6 8. e5 Be7 9. Re1 O-O 10.
Na3 fxe5 11. Nxe5 Nxe5 12. Bxe5 d6 13. Bc3 e5 14. d3 Bh4 15. g3 Be7 16. Nc4 Qd7 17.
Qe2 Qh3 18. Qf1 Qh5 19. Qg2 Bg4 20. Nd2 Bg5 21. Ne4 Bf3 22. Qf1 Be7 23. Nd2 Bg4 24. Qg2 Rac8 25. f4 Bh3 26. Qe2 Bg4 27. Qg2 Rf5 28.
fxe5 Rcf8 29. Rf1 Bh3 30. Rxf5 Rxf5 31. Qxc6 Qe2 32. Qd5+ Kh8 33. Qe4 Qf2+ 34. Kh1 d5 35. Qxd5 h5 36. Qa8+ Rf8 37. Qe4 Bg5 38. e6 Bxd2 39.
Bxg7+ Kxg7 40. Qe5+ Kh6 0-1

[Event "*** Titled Tuesday 3|2 Blitz (Late)"]
[Site "Chess.com"]
[Date "2017.01.03"]
[Round "5"]
[White "calemcc"]
[Black "Fh2411"]
[Result "0-1"]
[WhiteElo "2217"]
[BlackElo "2387"]
[TimeControl "180+2"]
[EndTime "17:57:07 PST"]
[Termination "Fh2411 won by resignation"]

1. d4 d5 2. c4 c6 3. Nc3 Nf6 4.
e3 a6 5. Nf3 b5 6. cxd5 cxd5 7.
Bd3 Bb7 8. O-O e6 9. Rb1 Be7 10. b4 Nbd7 11. a4 Ne4 12. Bd2 Nxc3 13. Bxc3 Qb6 14.
Qc2 Rc8 15. Rfc1 h6 16. Qe2 bxa4 17. Qa2 Bc6 18. Bc2 O-O 19. Bxa4 Bb5 20. Ne5 Nf6 21. Bxb5 axb5 22. Be1 Qb7 23. Qa5 Ne4 24. Rc5 Bxc5 25. bxc5 Rb8 26. c6 Qa8 27. Nd7 Qxa5 28. Bxa5 Rbc8 29.
Nxf8 Kxf8 30. f3 Nd6 31. c7 Ke8 32. Rc1 Kd7 33. Rc5 Ra8 34. Bb6 Ra6 35. c8=Q+ Nxc8 36. Bc7 Rc6 37. Rxc6 Kxc6 38. Be5 g6 39. Kf1 b4 40.
Ke2 Kb5 41. Kd3 Ka4 42. Kc2 Ka3 43. Bd6 Nxd6 0-1

[Event "*** Titled Tuesday 3|2 Blitz (Late)"]
[Site "Chess.com"]
[Date "2017.01.03"]
[Round "5"]
[White "Ilja_Semjonovs"]
[Black "rithwik2002"]
[Result "1/2-1/2"]
[WhiteElo "2208"]
[BlackElo "1745"]
[TimeControl "180+2"]
[EndTime "17:57:28 PST"]
[Termination "Game drawn by agreement"]

1. d4 d5 2. Nf3 e6 3. Bg5 Be7 4.
Bxe7 Qxe7 5. c3 Nf6 6. Nbd2 b6 7. e3 O-O 8. Ne5 Bb7 9. Bd3 c5 10. O-O Nc6 11. f4 Nd7 12. Ndf3 Ndxe5 13. Nxe5 f6 14. Nxc6 Bxc6 15. Rf3 e5 16. fxe5 fxe5 17. Rxf8+ Rxf8 18. Qh5 e4 19. Be2 Qf7 20. Qxf7+ Rxf7 21. b4 c4 22. a4 a5 23. b5 Bd7 24. Rf1 Rxf1+ 25. Kxf1 Bxb5 26. Bd1 Bd7 27. Ke1 Kf7 28. Kf2 Ke7 29.
Ke1 Kd6 30. Kd2 Kc6 31. Kc1 b5 32. axb5+ Kxb5 33. Kb2 Kb6 34. Ka3 Be6 35. Ba4 Bf7 1/2-1/2

[Event "*** Titled Tuesday 3|2 Blitz (Late)"]
[Site "Chess.com"]
[Date "2017.01.03"]
[Round "5"]
[White "AllStarShark"]
[Black "Kawhi_Leonard2"]
[Result "1/2-1/2"]
[WhiteElo "2224"]
[BlackElo "2209"]
[TimeControl "180+2"]
[EndTime "17:57:59 PST"]
[Termination "Game drawn by repetition"]

1. d4 Nf6 2. Bg5 Ne4 3. Bf4 d5 4. e3 c5 5. c3 e6 6. Bd3 Nc6 7. Nd2 f5 8. f3 Nf6 9. Ne2 Bd6 10. O-O O-O 11. a3 e5 12. dxe5 Nxe5 13. Bc2 Ng6 14.
Bxd6 Qxd6 15. e4 fxe4 16. fxe4 Be6 17. Nf3 Rad8 18. exd5 Bxd5 19. Ng3 Ng4 20. Qc1 Qc6 21. Qg5 Bxf3 22. gxf3 N4e5 23. Be4 Qb6 24. Rab1 c4+ 25. Kh1 Nd3 26. Bxg6 hxg6 27. Ne4 Rf5 28. Qg1 Rdf8 29. Qxb6 axb6 30. Kg2 Nf4+ 31. Kh1 Nd3 32. Kg2 Nf4+ 33.
Kh1 Nd3 34. Kg2 Nf4+ 1/2-1/2

[Event "*** Titled Tuesday 3|2 Blitz (Late)"]
[Site "Chess.com"]
[Date "2017.01.03"]
[Round "5"]
[White "AndrBaryshpolets"]
[Black "MateusViageiro"]
[Result "0-1"]
[WhiteElo "2455"]
[BlackElo "2319"]
[TimeControl "180+2"]
[EndTime "17:58:08 PST"]
[Termination "MateusViageiro won by checkmate"]

1. d4 Nf6 2. c4 e6 3. Nf3 d5 4.
Nc3 c6 5. Bg5 h6 6. Bxf6 Qxf6 7.
e3 Bb4 8. Qb3 Ba5 9. Bd3 O-O 10.
O-O Nd7 11. Qc2 dxc4 12. Bxc4 e5 13. Ne4 Qe7 14. d5 cxd5 15. Bxd5 Nf6 16. Nxf6+ Qxf6 17. Rac1 Bb6 18. Qc3 Re8 19. Rfd1 Rb8 20. h3 Bf5 21.
Nd2 Qg6 22. Kh2 Rbc8 23. Qb4 Bc2 24. Re1 Rcd8 25. Bxb7 Rb8 26. Be4 Bxe4 27. Qxe4 f5 28. Qd5+ Kh7 29. Nc4 Bc7 30. Red1 e4+ 31. Kg1 f4 32.
exf4 Bxf4 33. Rc3 e3 34. fxe3 Bc7 35. Qf3 Rf8 36. Qg4 Qf6 37. Rc2 Kh8 38. b3 Rbd8 39.
Rxd8 Qf1# 0-1

[Event "*** Titled Tuesday 3|2 Blitz (Late)"]
[Site "Chess.com"]
[Date "2017.01.03"]
[Round "5"]
[White "Ez_Chess2016"]
[Black "stalyansky"]
[Result "1-0"]
[WhiteElo "1982"]
[BlackElo "1093"]
[TimeControl "180+2"]
[EndTime "17:58:15 PST"]
[Termination "Ez_Chess2016 won on time"]

1. e4 e5 2. Nf3 Nc6 3. d4 exd4 4. Bc4 Bc5 5. c3 Nf6 6. cxd4 Bb4+ 7. Bd2 Bxd2+ 8. Nbxd2 d5 9. exd5 Nxd5 10. Qb3 Nce7 11. O-O O-O 12. Rfe1 c6 13. Ne4 Nb6 14. Nc5 Nxc4 15.
Qxc4 Nd5 16. Ne5 Rb8 17. a4 a5 18. Re3 Nxe3 19. fxe3 Qe7 20. Rf1 Be6 21. Qc3 Ra8 22. e4 f6 23. Nf3 Bf7 24. e5 b6 25. Ne4 fxe5 26. Nxe5 Bd5 27. Nf2 Rf6 28. Re1 Qc7 29.
Nfg4 Rf4 30. Qg3 Raf8 31. h4 1-0

[Event "*** Titled Tuesday 3|2 Blitz (Late)"]
[Site "Chess.com"]
[Date "2017.01.03"]
[Round "5"]
[White "pedromartinez91"]
[Black "fastestmindalive"]
[Result "0-1"]
[WhiteElo "2298"]
[BlackElo "2427"]
[TimeControl "180+2"]
[EndTime "17:58:16 PST"]
[Termination "fastestmindalive won by resignation"]

1. Nf3 Nf6 2. g3 g6 3. Bg2 Bg7 4. O-O O-O 5. d4 d6 6. c4 c6 7. Nc3 Qa5 8. e4 Bg4 9. h3 Bxf3 10. Bxf3 e5 11. d5 cxd5 12. Nxd5 Nc6 13. Be3 Nxd5 14. cxd5 Nd4 15. Bxd4 exd4 16. Qd3 Rac8 17. Bg4 Rc7 18. h4 h5 19. Bh3 a6 20. a3 Qb5 21. Qxb5 axb5 22. Rac1 Re7 23. f3 f5 24.
exf5 gxf5 25. Rfe1 Re3 26. Rxe3 dxe3 27. Kf1 Bxb2 28.
Rb1 Bxa3 29. Rxb5 Bc5 30. Rxb7 f4 31. Be6+ Kh8 32. gxf4 Rxf4 33. Rb8+ Kg7 34. Rb7+ Kg6 35. Ke2 Rxh4 36. Rb1 Rh2+ 37. Kd3 Rd2+ 38. Kc3 Kg5 39. Rh1 Rf2 40. Kd3 Rxf3 41. Rg1+ Kf4 42. Rh1 Kg5 43. Rg1+ Kh6 44. Rh1 Rg3 45. Ke4 e2 46.
Re1 Re3+ 47. Kf4 Kg6 48. Bf5+ Kf6 49. Bh3 Re5 50. Bg2 Bb4 51. Rh1 e1=Q 52. Rxe1 Bxe1 0-1

[Event "*** Titled Tuesday 3|2 Blitz (Late)"]
[Site "Chess.com"]
[Date "2017.01.03"]
[Round "5"]
[White "norwaytoadog"]
[Black "Iball95"]
[Result "0-1"]
[WhiteElo "1955"]
[BlackElo "2431"]
[TimeControl "180+2"]
[EndTime "17:58:27 PST"]
[Termination "Iball95 won on time"]

1. e4 c5 2. Nf3 Nc6 3. Bb5 g6 4.
Bxc6 dxc6 5. O-O Bg7 6. d3 Nf6 7. h3 Nd7 8. Bf4 e5 9. Be3 Qe7 10. Nbd2 Nf8 11. a3 Ne6 12. Rb1 O-O 13. b4 cxb4 14. axb4 f5 15. exf5 gxf5 16. Nc4 f4 17. Bd2 Ng5 18. Re1 Nxh3+ 19. gxh3 Bxh3 20. Ncxe5 Qf6 21. Re4 Bh6 22. Kh2 Bf5 23. Rxf4 Bxf4+ 24. Bxf4 Bg4 25.
Qg1 Qxf4+ 26. Qg3 Qxg3+ 27. Kxg3 Bxf3 28. Nxf3 Kh8 29. Nd4 Rf6 30. f4 Rg8+ 31. Kf3 Rgf8 32.
f5 b6 33. Ke4 Re8+ 34. Ne6 Rexe6+ 35. fxe6 Rxe6+ 36. Kf4 Kg7 37. Ra1 Re7 38. d4 Kf6 39. c4 h5 40. Rh1 Rh7 41. d5 cxd5 42. cxd5 h4 43. Ke4 h3 44. b5 h2 45. d6 Ke6 46.
d7 Kxd7 47. Kf3 Kd6 48. Kg2 Kc5 0-1

[Event "*** Titled Tuesday 3|2 Blitz (Late)"]
[Site "Chess.com"]
[Date "2017.01.03"]
[Round "5"]
[White "AungTZ"]
[Black "MrReinberg"]
[Result "0-1"]
[WhiteElo "2126"]
[BlackElo "2298"]
[TimeControl "180+2"]
[EndTime "17:58:49 PST"]
[Termination "MrReinberg won by checkmate"]

1. e4 c5 2. Nf3 g6 3. c3 Bg7 4. d4 cxd4 5. cxd4 d6 6. Nc3 Nf6 7.
Bd3 O-O 8. O-O Nc6 9. h3 h6 10.
Be3 e5 11. d5 Nb4 12. Be2 Na6 13. Bxa6 bxa6 14. Rc1 Nh5 15. Nd2 Nf4 16. Nc4 f5 17.
f3 a5 18. Nb5 Rf6 19. a4 a6 20. Na7 Bd7 21. Nc6 Bxc6 22. dxc6 Qc7 23. Nb6 Re8 24. Nd5 Nxd5 25. exd5 e4 26. f4 Rff8 27. Qd2 Rb8 28. Rc2 Rb4 29. Ra1 Rfb8 30. Ra2 Bf6 31. Kh1 Qg7 32. Kh2 g5 33. g3 Rb3 34. Qf2 R3b4 35.
fxg5 Bxg5 36. Ba7 e3 37. Bxe3 f4 38. gxf4 Rf8 39. Qg3 Rbxf4 40. c7 Rf3 41. Qxf3 Rxf3 42. c8=Q+ Kh7 43. Bxg5 Qe5+ 44. Kg2 Qg3+ 45. Kh1 Rf1# 0-1

[Event "*** Titled Tuesday 3|2 Blitz (Late)"]
[Site "Chess.com"]
[Date "2017.01.03"]
[Round "5"]
[White "amurdercastle"]
[Black "flubs"]
[Result "1-0"]
[WhiteElo "2342"]
[BlackElo "2229"]
[TimeControl "180+2"]
[EndTime "17:58:50 PST"]
[Termination "amurdercastle won by resignation"]

1. d4 d5 2. c4 c6 3. Nf3 Nf6 4. e3 e6 5. Nc3 Nbd7 6. Qc2 b6 7.
Bd3 Bb7 8. O-O Be7 9. e4 dxe4 10. Nxe4 c5 11. Nxf6+ Bxf6 12. Be4 Bxe4 13. Qxe4 cxd4 14. Nxd4 O-O 15. Be3 Rc8 16. Rac1 Nc5 17. Qg4 Nd3 18. Rc2 Ne5 19. Qe2 Qe7 20. Rfc1 Rfd8 21. a3 Nc6 22.
Nf3 Rd7 23. c5 bxc5 24. Rxc5 Rdc7 25. Qc2 g6 26. b4 a6 27. h3 Qe8 28. Qe4 Bd8 29.
Bf4 e5 30. Nxe5 Nxe5 31. Qxe5 Re7 32. Qxe7 Qxe7 33. Rxc8 Kg7 34. R8c5 Qe2 35. Be5+ f6 36. Bd4 Qa2 37. Rc8 Be7 38. R1c7 Qxa3 39. Rxe7+ Kh6 40.
Be3+ g5 41. Rcc7 Qa1+ 42. Kh2 Kg6 43. g4 f5 44. Re6+ 1-0

[Event "*** Titled Tuesday 3|2 Blitz (Late)"]
[Site "Chess.com"]
[Date "2017.01.03"]
[Round "5"]
[White "Dr-Bassem"]
[Black "Genghis_K"]
[Result "0-1"]
[WhiteElo "2646"]
[BlackElo "2728"]
[TimeControl "180+2"]
[EndTime "17:59:13 PST"]
[Termination "Genghis_K won by resignation"]

1. Nf3 Nf6 2. g3 g6 3. Bg2 Bg7 4. O-O O-O 5. d3 c5 6. e4 d6 7. c3 Nc6 8. Re1 e5 9. a3 b5 10.
h3 a5 11. a4 b4 12. Nbd2 h6 13. Nc4 Be6 14. Nfd2 Rb8 15. Ne3 Re8 16. Ndc4 d5 17. exd5 Nxd5 18. Nxd5 Bxd5 19. Be3 Bxg2 20. Kxg2 Qd5+ 21.
f3 Rbd8 22. Rc1 bxc3 23. bxc3 Qxd3 24. Qxd3 Rxd3 25. Bxc5 Rc8 26. Rc2 Nb8 27. Nb2 Rd7 28.
Bb6 Rb7 29. Bf2 Rb3 30. Rd1 Bf8 31. Rd5 Rbxc3 32. Rxc3 Rxc3 33. Rxa5 Rc2 34. Nd3 Nc6 35. Ra8 Rd2 36. Nc5 Kg7 37. Ne4 Ra2 38. Kf1 Bb4 39.
Bc5 Bxc5 40. Nxc5 Nd4 41. f4 exf4 42. gxf4 Ne2 43. Nd3 Rd2 44. h4 Ng3+ 45. Ke1 Rxd3 46. a5 Ra3 47. a6 h5 48. Kd2 Nf5 49. Kc2 Nxh4 50. Kb2 Ra5 51. Kb3 Nf5 52. Kb4 Ra1 53.
Kb5 h4 54. a7 h3 0-1

[Event "*** Titled Tuesday 3|2 Blitz (Late)"]
[Site "Chess.com"]
[Date "2017.01.03"]
[Round "5"]
[White "jk13"]
[Black "andresgv36"]
[Result "1-0"]
[WhiteElo "2522"]
[BlackElo "2297"]
[TimeControl "180+2"]
[EndTime "17:59:13 PST"]
[Termination "jk13 won by resignation"]

1. d4 Nf6 2. Bf4 d5 3. e3 c5 4. Nc3 a6 5. dxc5 Nc6 6. Nf3 Bg4 7. h3 Bh5 8. g4 Bg6 9. Ne5 e6 10. Nxc6 bxc6 11. b4 Ne4 12. Nxe4 Bxe4 13. f3 Qh4+ 14. Ke2 Bg6 15. Qd4 Be7 16. Be5 f6 17. Bd6 e5 18.
Qc3 Qg3 19. h4 d4 20. exd4 Bxd6 21. cxd6 O-O 22. Rh3 Qf4 23. Qe3 Rfe8 24. Qxf4 exf4+ 25. Kd2 Rad8 26. Bxa6 Rxd6 27. Bc4+ Kf8 28. c3 Re7 29. h5 Bf7 30. Bxf7 Kxf7 31. a4 Rde6 32. a5 Re2+ 33. Kd3 R2e3+ 34. Kc4 Ra7 35. Ra3 Ke7 36. Kc5 Kd7 37.
Kb6 Ra8 38. a6 Ree8 39. Kc5 Reb8 40. c4 Ra7 41. Rh2 Kc7 42. Rha2 Rb6 43. Ra5 g6 44.
hxg6 hxg6 45. Rh2 Raxa6 46. Rh7+ Kd8 47. Rxa6 Rxa6 48. Kd6 Ke8 49. Rc7 Ra3 50. Kxc6 Rxf3 51. b5 Rb3 52. b6 f3 53. Rh7 f2 54. Rh1 Rb4 55. b7 Rxc4+ 56. Kb5 Rxd4 57. b8=Q+ Rd8 58. Qf4 1-0

[Event "*** Titled Tuesday 3|2 Blitz (Late)"]
[Site "Chess.com"]
[Date "2017.01.03"]
[Round "5"]
[White "Anton_Demchenko"]
[Black "Cruel_Yaro"]
[Result "0-1"]
[WhiteElo "2642"]
[BlackElo "2606"]
[TimeControl "180+2"]
[EndTime "17:59:14 PST"]
[Termination "Cruel_Yaro won by resignation"]

1. e4 c5 2. Nf3 d6 3. d4 cxd4 4.
Nxd4 Nf6 5. Nc3 a6 6. f3 e5 7.
Nb3 Be6 8. Be3 h5 9. Qd2 Nbd7 10.
O-O-O Be7 11. a3 Rc8 12. Kb1 b5 13. Bg5 Qc7 14. h4 Nb6 15. Bxf6 gxf6 16. Na5 f5 17.
Bd3 f4 18. Rhg1 Bxh4 19. Bxb5+ axb5 20. Nxb5 Qb8 21. Nxd6+ Ke7 22. Qb4 Kf6 23. Rh1 Bf2 24. Nxc8 Rxc8 25. Rxh5 Nc4 26. Qxb8 Rxb8 27. Nxc4 Bxc4 28.
b3 Be6 29. Ka2 Bd4 30. c4 Rg8 31. Rd2 Ke7 32. Rh1 f5 33. exf5 Bxf5 34. Rhd1 Be3 35. Re2 Ke6 36. b4 e4 37. c5 Ke5 38. Kb2 Bd4+ 39.
Kc1 e3 40. Rh1 Bd3 41. Ra2 Bc3 42. Rh5+ Kd4 43. Rh4 Bd2+ 44. Rxd2 exd2+ 45. Kxd2 Rxg2+ 46. Kc1 Kc3 47. Rh1 Rb2 0-1